 Dungeon Crawl Stone Soup version 0.29.1-12-g30fa7ad0bf (webtiles) character file.

Game seed: 1736790062307052438

185 GigaChad the Chopper (level 5, -5/46 HPs)
             Began as a Minotaur Fighter on Dec 13, 2022.
             Slain by an orc warrior
             ... wielding a +0 flail
              (11 damage)
             ... on level 4 of the Dungeon.
             The game lasted 00:03:56 (3065 turns).

GigaChad the Chopper (Minotaur Fighter)             Turns: 3065, Time: 00:03:57

Health: -5/46      AC: 12    Str: 23    XL:     5   Next: 37%
Magic:  4/4        EV:  6    Int:  5    God:
Gold:   174        SH:  4    Dex:  9    Spells: 4/4 levels left

rFire   . . .      SeeInvis .   a - +0 war axe
rCold   . . .      Faith    .   c - +0 buckler
rNeg    . . .      Spirit   .   v - +0 plate armour
rPois   .          Reflect  .   (helmet restricted)
rElec   .          Harm     .   (no cloak)
rCorr   .          Rampage  .   (no gloves)
Will    .....                   (no boots)
Stlth   ..........              (no amulet)
HPRegen 0.15/turn               (no ring)
MPRegen 0.09/turn               (no ring)

@: no status effects
A: horns 2, retaliatory headbutt
a: no special abilities


You were on level 4 of the Dungeon.
You visited 1 branch of the dungeon, and saw 4 of its levels.

You collected 174 gold pieces.

Inventory:

Hand Weapons
 a - a +0 war axe (weapon)
Armour
 b - a +0 scale mail
 c - a +0 buckler (worn)
 g - a +0 chain mail
 v - a +0 plate armour (worn)
Jewellery
 j - a ring of positive energy
 r - a ring of poison resistance
Scrolls
 e - a scroll of vulnerability {unknown}
 f - 2 scrolls of fear {unknown}
 i - 3 scrolls of teleportation {unknown}
 k - a scroll of identify {unknown}
 l - a scroll of blinking {unknown}
 o - a scroll of magic mapping {unknown}
 q - a scroll of poison {unknown}
 s - a scroll of enchant armour {unknown}
 t - 2 scrolls of amnesia {unknown}
 w - 2 scrolls of noise {unknown}
Potions
 d - a potion of might
 h - 2 potions of heal wounds {unknown}
 m - 2 potions of magic {unknown}
 n - a potion of flight {unknown}
 p - a potion of mutation {unknown}
 u - a potion of degeneration {unknown}
 x - a potion of invisibility {unknown}
 z - a potion of attraction {unknown}
 A - a potion of cancellation {unknown}


   Skills:
 + Level 4.2 Fighting
 + Level 5.0 Axes
 + Level 4.9 Armour
 + Level 0.4 Dodging
 + Level 0.2 Stealth
 + Level 4.2 Shields


You had 4 spell levels left.
You didn't know any spells.
Your spell library was empty.

Dungeon Overview and Level Annotations

Branches:
Dungeon (4/15)
 Temple: D:4-7

Altars:
Nemelex Xobeh


Innate Abilities, Weirdness & Mutations

You have a pair of horns on your head.
You reflexively headbutt those who attack you in melee.


Message History

Found a scale mail.
A - a white potion You open the door.
There is an open door here.
Found a dagger.
You see here a +0 scale mail.
You open the door.
There is an open door here.
There is an open door here.
An orc warrior comes into view. It is wielding a +0 flail.
The orc warrior shouts!
An orc warrior is nearby!
The orc warrior hits you but does no damage.
You hit the orc warrior but do no damage.
The orc warrior hits you but does no damage.
The orc warrior hits you with a +0 flail!
You closely miss the orc warrior.
The orc warrior hits you with a +0 flail.
You hit the orc warrior. Your headbutt misses the orc warrior.
The orc warrior is lightly wounded.
The orc warrior barely misses you.
You hit the orc warrior but do no damage.
The orc warrior is lightly wounded.
The orc warrior hits you with a +0 flail.
You slash the orc warrior!
The orc warrior is heavily wounded.
The orc warrior barely misses you.
The orc warrior hits you with a +0 flail!
You hit the orc warrior. Your headbutt misses the orc warrior.
The orc warrior is heavily wounded.
The orc warrior hits you with a +0 flail!
* * * LOW HITPOINT WARNING * * *
You closely miss the orc warrior.
The orc warrior is heavily wounded.
The orc warrior hits you with a +0 flail.
* * * LOW HITPOINT WARNING * * *
You barely miss the orc warrior. You headbutt the orc warrior.
The orc warrior is severely wounded.
The orc warrior hits you with a +0 flail!
You die...

. #. #...# #.#.....
#......# #.#.....
#......## #.#..(..
#..#....# #.#.....
#.##....## #.#..... #.
#.....###.#..... #.
#.......#.#.....
##.###.##..##.#.#.###.##
......o@........#.# #.##
###.#...........#.# #.##
...........#.#.#.# #.##
##.#...........#.# #.##
.. #.#####.....#.# #.##
.# #. #.......# #.## #.
##....### #.## #.
#....## #.## #.#
####..####.##


You could see an orc warrior.

Vanquished Creatures
  An orc priest (D:3)
  An orc wizard (D:4)
  2 adders (D:3)
  2 worms (D:2)
  18 orcs
  11 endoplasms
  6 giant cockroaches
  5 goblins
  3 hobgoblins
  8 kobolds
  6 quokkas
  8 ball pythons
  4 bats
  5 frilled lizards
  3 rats
83 creatures vanquished.

Notes
Turn   | Place    | Note
-------+----------+-------------------------------------------
     0 | D:1      | GigaChad the Minotaur Fighter began the quest for the Orb.
     0 | D:1      | Reached XP level 1. HP: 19/19 MP: 0/0
   175 | D:1      | Reached XP level 2. HP: 18/27 MP: 1/1
   688 | D:1      | Reached skill level 3 in Axes
   789 | D:1      | Reached XP level 3. HP: 30/33 MP: 2/2
  1081 | D:2      | Found a faded altar of an unknown god.
  1873 | D:3      | Found a sparkling altar of Nemelex Xobeh.
  1975 | D:3      | Reached XP level 4. HP: 34/40 MP: 3/3
  2138 | D:3      | Reached skill level 4 in Axes
  2510 | D:3      | Reached XP level 5. HP: 46/46 MP: 4/4
  2783 | D:4      | Reached skill level 5 in Axes
  3053 | D:4      | Noticed an orc warrior
  3065 | D:4      | Slain by an orc warrior

Illustrated notes

Levels and vault maps discovered:
D:1:      elethiomel_arrival_maze, layout_basic, chequers_serial_rivers_small_b,
          minmay_unequal
D:2:      layout_rooms, basic_ecumenical_altar, corner_web_ring
D:3:      layout_loops_ring, lemuel_round_altar, gup_sewer_entry_pipe
D:4:      layout_basic, guppyfry_early_orc_mine

Skill      XL: |  1  2  3  4  5 |
---------------+----------------+-----
Armour         | 4 |  4.9
Axes           | 3 4 5 |  5.0
Shields        | 4 |  4.2
Fighting       | 4 |  4.2
Dodging        | |  0.4
Stealth        | |  0.2

Action                   |  1- 3 |  4- 6 || total
-------------------------+-------+-------++-------
Melee: War axe           |   101 |    91 ||   192
       Headbutt          |     9 |    11 ||    20
Armor: Scale mail        |    24 |       ||    24
       Chain mail        |    32 |    20 ||    52
       Plate armour      |       |    56 ||    56
Dodge: Dodged            |    48 |    28 ||    76
Block: Buckler           |    25 |    12 ||    37
